Colorado Avalanche vs Toronto Maple Leafs

Created - lundi 14 janvier 2019 at 19:00

Goals
1 2 3 OT1 SO T
Colorado Avalanche 4 0 1 0 0 5
Toronto Maple Leafs 2 2 1 0 1 6
Shots
1 2 3 OT1 SO T
Colorado Avalanche 13 8 6 9 4 36
Toronto Maple Leafs 9 19 9 3 4 40

1st period

1. Colorado Avalanche , Nathan MacKinnon 13 (Matt Duchene 12, Gabriel Landeskog 16) at 0:12
2. Toronto Maple Leafs , Nazem Kadri 15 (William Nylander 17, Patrik Nemeth 3) at 4:31
3. Colorado Avalanche , Dominic Moore 7 (Jaromir Jagr 6) at 5:03
4. Toronto Maple Leafs , Nazem Kadri 16 (William Nylander 18, Nick Leddy 3) at 9:28
5. Colorado Avalanche , Nathan MacKinnon 14 (Gabriel Landeskog 17) at 10:33
6. Colorado Avalanche , Matt Duchene 12 (Mark Barberio 4, Gabriel Landeskog 18) at 16:20

Penalties :
No Penalty

2nd period

7. Toronto Maple Leafs , Mitchell Marner 16 (Nick Leddy 4) at 1:20
8. Toronto Maple Leafs , Brandon Tanev 5 (Tyler Bozak 9, Connor Brown 6) at 8:02

Penalties :
Alexander Kerfoot (COL) for Goalie Interference (Minor) at 4:44, Nathan MacKinnon (COL) for Hooking (Minor) at 10:32, Lars Eller (COL) for Hooking (Minor) at 18:58

3rd period

9. Colorado Avalanche , Brayden Point 10 (Jason Spezza 12) at 4:03
10. Toronto Maple Leafs , Auston Matthews 19 (Nick Leddy 5, Ron Hainsey 7) at 19:19

Penalties :
Alexander Kerfoot (COL) for Head-butting (Major / Game Misconduct) at 10:19

Overtime #1

No Goal

Penalties :
No Penalty

Shootout

Colorado Avalanche, Nathan MacKinnon - Shot Misses the Net
Toronto Maple Leafs, Auston Matthews - Shot Misses the Net
Colorado Avalanche, Gabriel Landeskog - Stopped by Michal Neuvirth
Toronto Maple Leafs, James van Riemsdyk - Stopped by Semyon Varlamov
Colorado Avalanche, Brayden Point - Stopped by Michal Neuvirth
Toronto Maple Leafs, Mitchell Marner - Shot Misses the Net
Colorado Avalanche, Matt Duchene - Stopped by Michal Neuvirth
Toronto Maple Leafs, William Nylander - Goal!

Penalties :
No Penalty

Goalie Stats

Semyon Varlamov (COL), 35 saves from 40 shots - (0.875), OTL, 19-18-5, 65:00 minutes
Craig Anderson (TOR), 8 saves from 12 shots - (0.667), 16:20 minutes
Michal Neuvirth (TOR), 23 saves from 24 shots - (0.958), W, 2-3-2, 48:22 minutes

Players Stats for Colorado Avalanche

Player Name              G  A  P  +/- PIM S  H  SB GA TA FO     MP     PP MP  PK MP  
------------------------------------------------------------------------------------
Alexander Kerfoot        0  0  0   0  17  1  0  0  1  0  0/0    10:46   0:00   0:00 
Brayden Point            1  0  1  -2  0   3  0  2  0  1  0/1    18:24   0:00   5:11 
Deryk Engelland          0  0  0  -1  0   0  4  2  0  1  0/0    20:06   0:00   4:50 
Dominic Moore            1  0  1   1  0   2  6  0  0  0  6/15   16:34   0:00   4:54 
Dougie Hamilton          0  0  0   0  0   1  2  2  0  0  0/0    16:46   0:00   1:21 
Gabriel Landeskog        0  3  3   0  0   6  1  0  1  0  5/8    21:03   0:00   3:57 
Gustav Nyquist           0  0  0  -1  0   1  2  0  0  0  1/1    13:47   0:00   1:46 
Jaromir Jagr             0  1  1   1  0   3  1  0  0  0  0/0    12:09   0:00   0:31 
Jason Spezza             0  1  1  -1  0   1  2  1  0  0  3/10   14:04   0:00   2:16 
Kris Versteeg            0  0  0   1  0   3  0  0  0  0  0/1    11:52   0:00   0:02 
Lars Eller               0  0  0  -1  2   1  1  0  0  1  4/19   16:31   0:00   3:29 
Mark Barberio            0  1  1   0  0   0  3  1  0  0  0/0    20:56   0:00   4:51 
Matt Duchene             1  1  2   1  0   3  1  0  0  1  2/3    15:44   0:00   0:17 
Nathan MacKinnon         2  0  2   1  2   7  1  0  0  0  6/14   17:20   0:00   0:00 
Nick Holden              0  0  0   0  0   0  1  0  0  0  0/0    20:56   0:00   4:51 
Nikita Zadorov           0  0  0   0  0   2  7  1  0  1  0/0    23:50   0:00   4:41 
Sven Andrighetto         0  0  0   0  0   0  4  0  0  0  0/0    11:17   0:00   0:00 
Tyson Barrie             0  0  0   1  0   2  1  3  1  1  0/0    21:55   0:00   0:47 

Players Stats for Toronto Maple Leafs

Player Name              G  A  P  +/- PIM S  H  SB GA TA FO     MP     PP MP  PK MP  
------------------------------------------------------------------------------------
Alexander Edler          0  0  0  -1  0   0  10 2  0  0  0/0    24:24   5:28   0:00 
Auston Matthews          1  0  1  -1  0   2  0  1  1  0  23/37  22:08   5:18   0:00 
Brandon Tanev            1  0  1   0  0   3  3  0  1  0  1/1    12:13   0:14   0:00 
Connor Brown             0  1  1   0  0   3  1  0  0  0  0/0    11:59   0:14   0:00 
David Backes             0  0  0   0  0   1  2  1  0  0  2/3    15:04   4:13   0:00 
James van Riemsdyk       0  0  0  -1  0   0  1  0  0  0  0/1    18:38   4:08   0:00 
Leo Komarov              0  0  0   0  0   1  2  0  0  0  0/0    11:55   1:34   0:00 
Mitchell Marner          1  0  1  -1  0   9  1  0  0  0  2/4    20:11   5:01   0:00 
Morgan Rielly            0  0  0  -1  0   1  0  2  0  0  0/0    25:36   4:49   0:00 
Nazem Kadri              2  0  2   1  0   4  2  0  2  0  8/15   21:00   4:23   0:00 
Nick Leddy               0  3  3   3  0   1  2  1  0  1  0/0    20:26   4:27   0:00 
Nikita Zaitsev           0  0  0  -2  0   1  0  1  0  1  0/0    14:46   0:00   0:00 
Nikolay Goldobin         0  0  0   0  0   2  1  0  0  0  2/2    11:19   1:24   0:00 
Patrik Nemeth            0  1  1  -2  0   0  0  1  0  0  0/0    15:36   1:06   0:00 
Ron Hainsey              0  1  1   3  0   0  1  0  1  1  0/0    17:50   0:40   0:00 
Tyler Bozak              0  1  1   0  0   6  0  0  1  0  7/9    12:34   1:05   0:00 
William Nylander         0  2  2   1  0   4  2  1  0  0  0/0    19:01   5:04   0:00 
Zach Hyman               0  0  0   1  0   2  3  0  0  0  0/0    20:20   5:32   0:00 

3 Stars

1 - Nick Leddy (TOR)
2 - Nazem Kadri (TOR)
3 - Dominic Moore (COL)

Power Play

Colorado Avalanche - 0 on 0 Attempt(s) - 0.00%
Toronto Maple Leafs - 0 on 4 Attempt(s) - 0.00%

Penalty Kill

Colorado Avalanche - 4 on 4 Attempt(s) - 100.00% - Score 0 goal in Penalty Kill
Toronto Maple Leafs - 0 on 0 Attempt(s) - 0.00% - Score 0 goal in Penalty Kill

Team Stat

Colorado Avalanche - Hits : 37 - Faceoff Wins : 27 - Blocked Shots : 12 - Penalty Minutes : 21
Toronto Maple Leafs - Hits : 31 - Faceoff Wins : 45 - Blocked Shots : 10 - Penalty Minutes : 0

Official

Referees : Kevin Pollock and Dan O'Rourke
Linesman : Ryan Gibbons and Scott Cherrey

Game Notes

Michal Neuvirth enters game at 16:20 of 1st period
Alexander Kerfoot ejected from game at 10:19 of 3rd period
19:05 of 3rd period - Toronto Maple Leafs goal is going for a video replay. After video review, No Goal. The referee deems the play has been stopped, even if he had not physically had the opportunity to stop play by blowing his whistle.
0:34 of 1st overtime period - Toronto Maple Leafs goal is going for a video replay. After video review, No Goal. The referee deems the play has been stopped, even if he had not physically had the opportunity to stop play by blowing his whistle.

Finance

Level 1 -- Attendance: 8980 (89.80%) -- Ticket Income fr. 718'400
Level 2 -- Attendance: 1652 (82.60%) -- Ticket Income fr. 107'380
Level 3 -- Attendance: 2986 (85.31%) -- Ticket Income fr. 101'524
Level 4 -- Attendance: 1450 (100.00%) -- Ticket Income fr. 29'000
Luxury Box -- Attendance: 50 (100.00%) -- Ticket Income fr. 10'000
Game was played at the Air Canada Centre.
Total Attendance: 15118 (88.93%)
Total Ticket Income: fr. 966'304
Total Income: fr. 966'304

Colorado Avalanche

5 vs 5 Forward 
   Center                   Left Wing                Right Wing               Time % Phy DF OF 
 1 Nathan MacKinnon         Gabriel Landeskog        Matt Duchene             25     0   2  3  
 2 Jason Spezza             Gustav Nyquist           Brayden Point            25     0   2  3  
 3 Lars Eller               Alexander Kerfoot        Sven Andrighetto         25     0   3  2  
 4 Dominic Moore            Kris Versteeg            Jaromir Jagr             25     0   4  1  

5 vs 5 Defense 
   Defense                  Defense                                           Time % Phy DF OF 
 1 Tyson Barrie             Nikita Zadorov                                    33     0   3  2  
 2 Dougie Hamilton          Deryk Engelland                                   33     0   3  2  
 3 Nick Holden              Mark Barberio                                     33     0   4  1  
 4 Tyson Barrie             Nikita Zadorov                                    1      0   4  1  

PowerPlay Forward 
   Center                   Left Wing                Right Wing               Time % Phy DF OF 
 1 Nathan MacKinnon         Gabriel Landeskog        Matt Duchene             50     0   0  5  
 2 Jason Spezza             Gustav Nyquist           Brayden Point            50     0   0  5  

PowerPlay Defense
   Defense                  Defense                                           Time % Phy DF OF 
 1 Dougie Hamilton          Tyson Barrie                                      50     0   0  5  
 2 Nick Holden              Mark Barberio                                     50     0   0  5  

Penalty Kill 4 Players Forward 
   Center                   Wing                     Time % Phy DF OF 
 1 Lars Eller               Brayden Point            50     1   2  2  
 2 Dominic Moore            Gabriel Landeskog        50     1   2  2  

Penalty Kill 4 Players Defense
   Defense                  Defense                  Time % Phy DF OF 
 1 Nikita Zadorov           Deryk Engelland          50     1   2  2  
 2 Nick Holden              Mark Barberio            50     1   2  2  

Penalty Kill - 3 Players Forward 
   Forward                                           Time % Phy DF OF 
 1 Lars Eller                                        50     1   2  2  
 2 Dominic Moore                                     50     1   2  2  

Penalty Kill - 3 Players Defense
   Defense                  Defense                  Time % Phy DF OF 
 1 Nikita Zadorov           Deryk Engelland          50     1   2  2  
 2 Nick Holden              Mark Barberio            50     1   2  2  

4 vs 4 Forward 
   Center                   Wing                     Time % Phy DF OF 
 1 Nathan MacKinnon         Gabriel Landeskog        50     0   2  3  
 2 Brayden Point            Matt Duchene             50     0   2  3  

4 vs 4 Defense
   Defense                  Defense                  Time % Phy DF OF 
 1 Nikita Zadorov           Tyson Barrie             50     0   3  2  
 2 Deryk Engelland          Dougie Hamilton          50     0   3  2  

Last Minutes Offensive
   Center                   Left Wing                Right Wing               Defense                  Defense                  
   Nathan MacKinnon         Gabriel Landeskog        Brayden Point            Tyson Barrie             Dougie Hamilton          

Last Minutes Defensive
   Center                   Left Wing                Right Wing               Defense                  Defense                  
   Lars Eller               Gabriel Landeskog        Brayden Point            Nikita Zadorov           Deryk Engelland          

Goaltenders
Starting : Semyon Varlamov          
Backup : Jonathan Bernier         

Extra Forwards
Normal : Nathan MacKinnon, Gabriel Landeskog, Brayden Point - PP : Nathan MacKinnon, Brayden Point - PK : Brayden Point
Extra Defensemen
Normal : Tyson Barrie, Nikita Zadorov, Dougie Hamilton - PP : Tyson Barrie - PK : Deryk Engelland, Nikita Zadorov
Penalty Shots
Nathan MacKinnon, Gabriel Landeskog, Brayden Point, Matt Duchene, Gustav Nyquist
Custom OT Lines Forwards
Nathan MacKinnon, Gabriel Landeskog, Matt Duchene, Brayden Point, Gustav Nyquist, Jason Spezza, Lars Eller, Alexander Kerfoot, Sven Andrighetto, Dominic Moore
Custom OT Lines Defensemen
Tyson Barrie, Nikita Zadorov, Dougie Hamilton, Deryk Engelland, Nick Holden

Scratches
Zach Bogosian (Healthy), Zack Kassian (Healthy), David Booth (Healthy)

Toronto Maple Leafs

5 vs 5 Forward 
   Center                   Left Wing                Right Wing               Time % Phy DF OF 
 1 Auston Matthews          James van Riemsdyk       Mitchell Marner          30     0   1  4  
 2 Nazem Kadri              Zach Hyman               William Nylander         30     0   2  3  
 3 David Backes             Leo Komarov              Nikolay Goldobin         20     0   3  2  
 4 Tyler Bozak              Brandon Tanev            Connor Brown             20     1   3  1  

5 vs 5 Defense 
   Defense                  Defense                                           Time % Phy DF OF 
 1 Alexander Edler          Morgan Rielly                                     30     1   2  2  
 2 Ron Hainsey              Nick Leddy                                        30     1   2  2  
 3 Patrik Nemeth            Nikita Zaitsev                                    30     1   3  1  
 4 Alexander Edler          Morgan Rielly                                     10     1   3  1  

PowerPlay Forward 
   Center                   Left Wing                Right Wing               Time % Phy DF OF 
 1 Auston Matthews          William Nylander         Mitchell Marner          55     0   0  5  
 2 Nazem Kadri              James van Riemsdyk       David Backes             45     0   0  5  

PowerPlay Defense
   Defense                  Defense                                           Time % Phy DF OF 
 1 Nick Leddy               Morgan Rielly                                     50     0   1  4  
 2 Zach Hyman               Alexander Edler                                   50     0   1  4  

Penalty Kill 4 Players Forward 
   Center                   Wing                     Time % Phy DF OF 
 1 Zach Hyman               Brandon Tanev            50     0   5  0  
 2 Auston Matthews          Leo Komarov              50     0   5  0  

Penalty Kill 4 Players Defense
   Defense                  Defense                  Time % Phy DF OF 
 1 Alexander Edler          Patrik Nemeth            50     1   4  0  
 2 Ron Hainsey              Nikita Zaitsev           50     1   4  0  

Penalty Kill - 3 Players Forward 
   Forward                                           Time % Phy DF OF 
 1 Zach Hyman                                        50     0   5  0  
 2 Auston Matthews                                   50     0   5  0  

Penalty Kill - 3 Players Defense
   Defense                  Defense                  Time % Phy DF OF 
 1 Alexander Edler          Patrik Nemeth            50     0   5  0  
 2 Ron Hainsey              Nikita Zaitsev           50     0   5  0  

4 vs 4 Forward 
   Center                   Wing                     Time % Phy DF OF 
 1 Auston Matthews          Mitchell Marner          50     0   1  4  
 2 Nazem Kadri              William Nylander         50     0   1  4  

4 vs 4 Defense
   Defense                  Defense                  Time % Phy DF OF 
 1 Alexander Edler          Morgan Rielly            50     0   3  2  
 2 Ron Hainsey              Nick Leddy               50     0   3  2  

Last Minutes Offensive
   Center                   Left Wing                Right Wing               Defense                  Defense                  
   Auston Matthews          William Nylander         Mitchell Marner          Morgan Rielly            Nazem Kadri              

Last Minutes Defensive
   Center                   Left Wing                Right Wing               Defense                  Defense                  
   Zach Hyman               Leo Komarov              Brandon Tanev            Patrik Nemeth            Ron Hainsey              

Goaltenders
Starting : Craig Anderson           
Backup : Michal Neuvirth          

Extra Forwards
Normal : Auston Matthews, Mitchell Marner, Nazem Kadri - PP : David Backes, William Nylander - PK : Zach Hyman
Extra Defensemen
Normal : Alexander Edler, Ron Hainsey, Morgan Rielly - PP : Alexander Edler - PK : Patrik Nemeth, Nikita Zaitsev
Penalty Shots
Auston Matthews, James van Riemsdyk, Mitchell Marner, William Nylander, Tyler Bozak
Custom OT Lines Forwards
Auston Matthews, Nazem Kadri, Zach Hyman, Mitchell Marner, William Nylander, David Backes, James van Riemsdyk, Tyler Bozak, Leo Komarov, Connor Brown
Custom OT Lines Defensemen
Morgan Rielly, Alexander Edler, Ron Hainsey, Nick Leddy, Nikita Zaitsev

Scratches
Dylan DeMelo (Healthy), Matt Stajan (Healthy), Curtis McElhinney (Healthy)

% Time on Ice - Colorado Avalanche

Lines # - Real PCT - Wanted PCT - Time Play
Normal Forward
1 - 30% - 25% - 14:22
2 - 26% - 25% - 12:39
3 - 23% - 25% - 11:03
4 - 22% - 25% - 10:35
Normal Defense
1 - 35% - 33% - 17:02
2 - 33% - 33% - 16:03
3 - 31% - 33% - 15:04
4 - 1% - 1% - 0:30
PP Forward
1 - 0% - 50%
2 - 0% - 50%
PP Defense
1 - 0% - 50%
2 - 0% - 50%
PK Forward
1 - 51% - 50% - 5:33
2 - 49% - 50% - 5:23
PK Defense
1 - 51% - 50% - 5:34
2 - 49% - 50% - 5:22
PK3 Forward
1 - 0% - 50%
2 - 0% - 50%
PK3 Defense
1 - 0% - 50%
2 - 0% - 50%
44 Forward
1 - 0% - 50%
2 - 0% - 50%
44 Defense
1 - 0% - 50%
2 - 0% - 50%
Last Minute Offensive  - 0:00
Last Minute Defensive  - 0:25
Total
Forward - 60:00
Defense - 60:00

% Time on Ice - Toronto Maple Leafs

Lines # - Real PCT - Wanted PCT - Time Play
Normal Forward
1 - 27% - 30% - 12:58
2 - 33% - 30% - 16:05
3 - 18% - 20% - 8:54
4 - 22% - 20% - 10:43
Normal Defense
1 - 29% - 30% - 14:10
2 - 33% - 30% - 16:18
3 - 30% - 30% - 14:46
4 - 7% - 10% - 3:26
PP Forward
1 - 58% - 55% - 6:18
2 - 42% - 45% - 4:38
PP Defense
1 - 44% - 50% - 4:49
2 - 56% - 50% - 6:07
PK Forward
1 - 0% - 50%
2 - 0% - 50%
PK Defense
1 - 0% - 50%
2 - 0% - 50%
PK3 Forward
1 - 0% - 50%
2 - 0% - 50%
PK3 Defense
1 - 0% - 50%
2 - 0% - 50%
44 Forward
1 - 0% - 50%
2 - 0% - 50%
44 Defense
1 - 0% - 50%
2 - 0% - 50%
Last Minute Offensive  - 0:24
Last Minute Defensive  - 0:00
Total
Forward - 60:00
Defense - 60:00

Play-by-Play

1st period


0:01 of 1st period - Nathan MacKinnon wins face-off versus Auston Matthews in neutral zone.
0:04 of 1st period - Snap shot by Nathan MacKinnon.
0:04 of 1st period - Stopped by Craig Anderson without a rebound.
0:05 of 1st period - Nathan MacKinnon wins face-off versus Auston Matthews in Toronto Maple Leafs zone.
0:12 of 1st period - Snap shot by Nathan MacKinnon.
0:12 of 1st period - Goal by Nathan MacKinnon - Colorado Avalanche : 1 - Toronto Maple Leafs : 0.
0:13 of 1st period - Nazem Kadri wins face-off versus Jason Spezza in neutral zone.
0:15 of 1st period - Off-side.
0:16 of 1st period - Jason Spezza wins face-off versus Nazem Kadri in neutral zone.
0:29 of 1st period - Snap shot by Gustav Nyquist.
0:29 of 1st period - Deflect By Brayden Point.
0:29 of 1st period - Shot Misses the Net.
0:29 of 1st period - Puck is out of play.
0:30 of 1st period - David Backes wins face-off versus Lars Eller in Toronto Maple Leafs zone.
1:08 of 1st period - Nikita Zaitsev is hit by Dominic Moore and loses puck.
1:21 of 1st period - Alexander Edler is hit by Nikita Zadorov and loses puck.
1:40 of 1st period - Nikita Zadorov is hit by Nick Leddy and loses puck.
2:03 of 1st period - Snap shot by Gustav Nyquist.
2:03 of 1st period - Shot Misses the Net.
2:05 of 1st period - Backhand shot by Gustav Nyquist.
2:05 of 1st period - Stopped by Craig Anderson with a rebound.
2:07 of 1st period - Wrist shot by Brayden Point.
2:07 of 1st period - Stopped by Craig Anderson with a rebound.
2:09 of 1st period - Slapshot by Tyson Barrie.
2:09 of 1st period - Deflect By Brayden Point.
2:09 of 1st period - Shot Blocked by Alexander Edler.
2:09 of 1st period - Puck is out of play.
2:10 of 1st period - Mitchell Marner wins face-off versus Lars Eller in Toronto Maple Leafs zone.
2:37 of 1st period - Ron Hainsey is hit by Dominic Moore and loses puck.
2:44 of 1st period - Snap shot by Jaromir Jagr.
2:44 of 1st period - Stopped by Craig Anderson with a rebound.
3:28 of 1st period - Wrist shot by Nathan MacKinnon.
3:28 of 1st period - Shot Misses the Net.
3:57 of 1st period - Wrist shot by Nazem Kadri.
3:57 of 1st period - Shot Misses the Net.
4:01 of 1st period - Snap shot by William Nylander.
4:01 of 1st period - Stopped by Semyon Varlamov without a rebound.
4:02 of 1st period - Jason Spezza wins face-off versus Nazem Kadri in Colorado Avalanche zone.
4:31 of 1st period - Snap shot by Nazem Kadri.
4:31 of 1st period - Goal by Nazem Kadri - Colorado Avalanche : 1 - Toronto Maple Leafs : 1.
4:32 of 1st period - Tyler Bozak wins face-off versus Lars Eller in neutral zone.
5:01 of 1st period - Wrist shot by Dominic Moore.
5:01 of 1st period - Shot Misses the Net.
5:03 of 1st period - Slapshot by Dominic Moore.
5:03 of 1st period - Goal by Dominic Moore - Colorado Avalanche : 2 - Toronto Maple Leafs : 1.
5:04 of 1st period - Auston Matthews wins face-off versus Nathan MacKinnon in neutral zone.
6:19 of 1st period - Slapshot by Brayden Point.
6:19 of 1st period - Shot Blocked by Nikita Zaitsev.
7:01 of 1st period - Ron Hainsey is hit by Mark Barberio.
7:12 of 1st period - Off-side.
7:13 of 1st period - Tyler Bozak wins face-off versus Lars Eller in neutral zone.
7:24 of 1st period - Wrist shot by Tyler Bozak.
7:24 of 1st period - Shot Blocked by Tyson Barrie.
7:26 of 1st period - Slapshot by Brandon Tanev.
7:26 of 1st period - Stopped by Semyon Varlamov without a rebound.
7:27 of 1st period - Gustav Nyquist wins face-off versus Nazem Kadri in Colorado Avalanche zone.
7:36 of 1st period - Snap shot by Gustav Nyquist.
7:36 of 1st period - Shot Blocked by William Nylander.
7:38 of 1st period - Slapshot by Brayden Point.
7:38 of 1st period - Shot Misses the Net.
7:40 of 1st period - Snap shot by Gustav Nyquist.
7:40 of 1st period - Shot Blocked by Alexander Edler.
7:52 of 1st period - Lars Eller is hit by James van Riemsdyk and loses puck.
9:00 of 1st period - Wrist shot by Gustav Nyquist.
9:00 of 1st period - Shot Blocked by Patrik Nemeth.
9:19 of 1st period - Nathan MacKinnon is hit by Zach Hyman and loses puck.
9:28 of 1st period - Snap shot by Nazem Kadri.
9:28 of 1st period - Goal by Nazem Kadri - Colorado Avalanche : 2 - Toronto Maple Leafs : 2.
9:29 of 1st period - Auston Matthews wins face-off versus Lars Eller in neutral zone.
9:54 of 1st period - Kris Versteeg is hit by Leo Komarov.
10:00 of 1st period - Slapshot by Dougie Hamilton.
10:00 of 1st period - Shot Blocked by Morgan Rielly.
10:24 of 1st period - Off-side.
10:25 of 1st period - Nathan MacKinnon wins face-off versus Tyler Bozak in neutral zone.
10:27 of 1st period - Off-side.
10:28 of 1st period - Nathan MacKinnon wins face-off versus Tyler Bozak in neutral zone.
10:33 of 1st period - Backhand shot by Nathan MacKinnon.
10:33 of 1st period - Goal by Nathan MacKinnon - Colorado Avalanche : 3 - Toronto Maple Leafs : 2.
10:34 of 1st period - Auston Matthews wins face-off versus Lars Eller in neutral zone.
10:59 of 1st period - Lars Eller is hit by Brandon Tanev and loses puck.
11:28 of 1st period - Deryk Engelland is hit by William Nylander and loses puck.
11:41 of 1st period - Wrist shot by Mitchell Marner.
11:41 of 1st period - Shot Blocked by Dougie Hamilton.
11:43 of 1st period - Backhand shot by Nikita Zaitsev.
11:43 of 1st period - Shot Blocked by Dougie Hamilton.
11:45 of 1st period - Backhand shot by Mitchell Marner.
11:45 of 1st period - Shot Misses the Net.
11:47 of 1st period - Slapshot by Nikita Zaitsev.
11:47 of 1st period - Stopped by Semyon Varlamov without a rebound.
11:48 of 1st period - David Backes wins face-off versus Dominic Moore in Colorado Avalanche zone.
11:51 of 1st period - Snap shot by Leo Komarov.
11:51 of 1st period - Deflect By David Backes.
11:51 of 1st period - Stopped by Semyon Varlamov with a rebound.
11:53 of 1st period - Wrist shot by Alexander Edler.
11:53 of 1st period - Shot Misses the Net.
11:55 of 1st period - Slapshot by Alexander Edler.
11:55 of 1st period - Shot Misses the Net.
11:57 of 1st period - Slapshot by Nikolay Goldobin.
11:57 of 1st period - Shot Misses the Net.
11:59 of 1st period - Snap shot by Morgan Rielly.
11:59 of 1st period - Deflect By Nikita Zadorov.
11:59 of 1st period - Stopped by Semyon Varlamov with a rebound.
12:01 of 1st period - Wrist shot by Leo Komarov.
12:01 of 1st period - Shot Misses the Net.
12:03 of 1st period - Slapshot by Leo Komarov.
12:03 of 1st period - Deflect By Nikolay Goldobin.
12:03 of 1st period - Stopped by Semyon Varlamov with a rebound.
12:13 of 1st period - Auston Matthews is hit by Nikita Zadorov and loses puck.
12:40 of 1st period - Zach Hyman is hit by Matt Duchene and loses puck.
13:16 of 1st period - Off-side.
13:17 of 1st period - Auston Matthews wins face-off versus Nathan MacKinnon in neutral zone.
13:17 of 1st period - Auston Matthews is hit by Gabriel Landeskog.
13:25 of 1st period - Slapshot by Mitchell Marner.
13:25 of 1st period - Stopped by Semyon Varlamov with a rebound.
13:27 of 1st period - Slapshot by Mitchell Marner.
13:27 of 1st period - Shot Misses the Net.
13:29 of 1st period - Backhand shot by Mitchell Marner.
13:29 of 1st period - Shot Blocked by Tyson Barrie.
13:31 of 1st period - Slapshot by Ron Hainsey.
13:31 of 1st period - Shot Blocked by Tyson Barrie.
14:42 of 1st period - Snap shot by Dominic Moore.
14:42 of 1st period - Stopped by Craig Anderson without a rebound.
14:43 of 1st period - Dominic Moore wins face-off versus Auston Matthews in Toronto Maple Leafs zone.
14:44 of 1st period - Snap shot by Kris Versteeg.
14:44 of 1st period - Shot Blocked by Auston Matthews.
15:10 of 1st period - James van Riemsdyk is hit by Mark Barberio and loses puck.
15:15 of 1st period - Slapshot by Gabriel Landeskog.
15:15 of 1st period - Stopped by Craig Anderson with a rebound.
15:51 of 1st period - Snap shot by Auston Matthews.
15:51 of 1st period - Shot Blocked by Nikita Zadorov.
16:01 of 1st period - Snap shot by Brayden Point.
16:01 of 1st period - Stopped by Craig Anderson with a rebound.
16:03 of 1st period - Wrist shot by Jason Spezza.
16:03 of 1st period - Stopped by Craig Anderson without a rebound.
16:04 of 1st period - Nazem Kadri wins face-off versus Nathan MacKinnon in Toronto Maple Leafs zone.
16:11 of 1st period - Gabriel Landeskog is hit by Nazem Kadri.
16:18 of 1st period - Backhand shot by Mark Barberio.
16:18 of 1st period - Shot Misses the Net.
16:20 of 1st period - Slapshot by Matt Duchene.
16:20 of 1st period - Goal by Matt Duchene - Colorado Avalanche : 4 - Toronto Maple Leafs : 2.
16:20 of 1st period - Michal Neuvirth enters game.
16:21 of 1st period - Tyler Bozak wins face-off versus Dominic Moore in neutral zone.
16:21 of 1st period - Tyler Bozak is hit by Dominic Moore.
16:25 of 1st period - Dominic Moore is hit by Connor Brown and loses puck.
16:36 of 1st period - Slapshot by Kris Versteeg.
16:36 of 1st period - Stopped by Michal Neuvirth with a rebound.
17:37 of 1st period - Slapshot by Leo Komarov.
17:37 of 1st period - Shot Misses the Net.
17:48 of 1st period - Tyson Barrie is hit by Alexander Edler and loses puck.
18:09 of 1st period - Alexander Kerfoot is hit by Alexander Edler.
18:13 of 1st period - Auston Matthews is hit by Sven Andrighetto.
18:34 of 1st period - Leo Komarov is hit by Deryk Engelland and loses puck.
18:43 of 1st period - Deryk Engelland is hit by David Backes and loses puck.
19:33 of 1st period - Patrik Nemeth is hit by Sven Andrighetto and loses puck.
19:59 of 1st period - Leo Komarov is hit by Nikita Zadorov and loses puck.
Goals for this period are 4 for Colorado Avalanche vs 2 for Toronto Maple Leafs.
Shots for this period are 13 for Colorado Avalanche vs 9 for Toronto Maple Leafs.

2nd period


0:01 of 2nd period - Nazem Kadri wins face-off versus Kris Versteeg in neutral zone.
0:14 of 2nd period - Wrist shot by Kris Versteeg.
0:14 of 2nd period - Stopped by Michal Neuvirth with a rebound.
0:26 of 2nd period - Lars Eller is hit by Alexander Edler and loses puck.
0:33 of 2nd period - Slapshot by Nikolay Goldobin.
0:33 of 2nd period - Stopped by Semyon Varlamov with a rebound.
0:35 of 2nd period - Wrist shot by Leo Komarov.
0:35 of 2nd period - Stopped by Semyon Varlamov without a rebound.
0:36 of 2nd period - Auston Matthews wins face-off versus Jason Spezza in Colorado Avalanche zone.
0:37 of 2nd period - Wrist shot by Mitchell Marner.
0:37 of 2nd period - Shot Blocked by Jason Spezza.
0:39 of 2nd period - Wrist shot by Auston Matthews.
0:39 of 2nd period - Shot Misses the Net.
0:41 of 2nd period - Snap shot by Ron Hainsey.
0:41 of 2nd period - Shot Misses the Net.
0:43 of 2nd period - Slapshot by Auston Matthews.
0:43 of 2nd period - Shot Misses the Net.
0:45 of 2nd period - Slapshot by Ron Hainsey.
0:45 of 2nd period - Shot Blocked by Deryk Engelland.
0:47 of 2nd period - Slapshot by Ron Hainsey.
0:47 of 2nd period - Deflect By Auston Matthews.
0:47 of 2nd period - Shot Misses the Net.
0:47 of 2nd period - Puck is out of play.
0:48 of 2nd period - Nazem Kadri wins face-off versus Nathan MacKinnon in Colorado Avalanche zone.
1:18 of 2nd period - Slapshot by Nick Leddy.
1:18 of 2nd period - Stopped by Semyon Varlamov with a rebound.
1:20 of 2nd period - Wrist shot by Mitchell Marner.
1:20 of 2nd period - Goal by Mitchell Marner - Colorado Avalanche : 4 - Toronto Maple Leafs : 3.
1:21 of 2nd period - Tyler Bozak wins face-off versus Dominic Moore in neutral zone.
1:34 of 2nd period - Wrist shot by Connor Brown.
1:34 of 2nd period - Shot Blocked by Deryk Engelland.
1:36 of 2nd period - Slapshot by Connor Brown.
1:36 of 2nd period - Stopped by Semyon Varlamov with a rebound.
2:09 of 2nd period - Gustav Nyquist is hit by David Backes and loses puck.
2:25 of 2nd period - Icing by Morgan Rielly.
2:26 of 2nd period - Brandon Tanev wins face-off versus Nathan MacKinnon in Toronto Maple Leafs zone.
2:33 of 2nd period - Snap shot by Tyler Bozak.
2:33 of 2nd period - Stopped by Semyon Varlamov without a rebound.
2:34 of 2nd period - Auston Matthews wins face-off versus Dominic Moore in Colorado Avalanche zone.
2:35 of 2nd period - Wrist shot by Mitchell Marner.
2:35 of 2nd period - Stopped by Semyon Varlamov without a rebound.
2:36 of 2nd period - Dominic Moore wins face-off versus James van Riemsdyk in Colorado Avalanche zone.
2:46 of 2nd period - Off-side.
2:47 of 2nd period - Lars Eller wins face-off versus Nazem Kadri in neutral zone.
2:50 of 2nd period - Snap shot by Lars Eller.
2:50 of 2nd period - Shot Misses the Net.
3:12 of 2nd period - William Nylander is hit by Jason Spezza and loses puck.
3:21 of 2nd period - Nazem Kadri is hit by Nikita Zadorov and loses puck.
3:58 of 2nd period - Wrist shot by Mitchell Marner.
3:58 of 2nd period - Stopped by Semyon Varlamov without a rebound.
3:59 of 2nd period - Auston Matthews wins face-off versus Nathan MacKinnon in Colorado Avalanche zone.
4:14 of 2nd period - Snap shot by Matt Duchene.
4:14 of 2nd period - Shot Misses the Net.
4:28 of 2nd period - Slapshot by Gabriel Landeskog.
4:28 of 2nd period - Deflect By Matt Duchene.
4:28 of 2nd period - Stopped by Michal Neuvirth without a rebound.
4:29 of 2nd period - Nikolay Goldobin wins face-off versus Lars Eller in Toronto Maple Leafs zone.
4:29 of 2nd period - Nikolay Goldobin is hit by Sven Andrighetto.
4:44 of 2nd period - Minor Penalty to Alexander Kerfoot for Goalie Interference.
4:45 of 2nd period - Auston Matthews wins face-off versus Lars Eller in Colorado Avalanche zone.
4:49 of 2nd period - Slapshot by Mitchell Marner.
4:49 of 2nd period - Stopped by Semyon Varlamov with a rebound.
5:11 of 2nd period - Nick Leddy is hit by Nikita Zadorov.
5:19 of 2nd period - Wrist shot by James van Riemsdyk.
5:19 of 2nd period - Shot Misses the Net.
6:39 of 2nd period - Leo Komarov is hit by Gustav Nyquist and loses puck.
6:44 of 2nd period - Penalty to Alexander Kerfoot is over, Alexander Kerfoot is back on ice.
6:56 of 2nd period - Snap shot by Tyler Bozak.
6:56 of 2nd period - Stopped by Semyon Varlamov without a rebound.
6:57 of 2nd period - Tyler Bozak wins face-off versus Lars Eller in Colorado Avalanche zone.
7:38 of 2nd period - Wrist shot by Connor Brown.
7:38 of 2nd period - Stopped by Semyon Varlamov with a rebound.
8:00 of 2nd period - Slapshot by Brandon Tanev.
8:00 of 2nd period - Shot Misses the Net.
8:02 of 2nd period - Snap shot by Brandon Tanev.
8:02 of 2nd period - Goal by Brandon Tanev - Colorado Avalanche : 4 - Toronto Maple Leafs : 4.
8:03 of 2nd period - Dominic Moore wins face-off versus Auston Matthews in neutral zone.
8:06 of 2nd period - Mitchell Marner is hit by Dominic Moore and loses puck.
8:17 of 2nd period - Slapshot by Auston Matthews.
8:17 of 2nd period - Shot Misses the Net.
9:05 of 2nd period - Icing by Nikita Zadorov.
9:06 of 2nd period - Auston Matthews wins face-off versus Dominic Moore in Colorado Avalanche zone.
9:07 of 2nd period - Slapshot by Mitchell Marner.
9:07 of 2nd period - Deflect By James van Riemsdyk.
9:07 of 2nd period - Shot Misses the Net.
9:07 of 2nd period - Puck is out of play.
9:08 of 2nd period - Auston Matthews wins face-off versus Jason Spezza in Colorado Avalanche zone.
9:32 of 2nd period - Off-side.
9:33 of 2nd period - Nazem Kadri wins face-off versus Lars Eller in neutral zone.
9:44 of 2nd period - Snap shot by William Nylander.
9:44 of 2nd period - Stopped by Semyon Varlamov without a rebound.
9:45 of 2nd period - Auston Matthews wins face-off versus Jason Spezza in Colorado Avalanche zone.
10:10 of 2nd period - Nick Holden is hit by Leo Komarov and loses puck.
10:32 of 2nd period - Minor Penalty to Nathan MacKinnon for Hooking.
10:33 of 2nd period - Dominic Moore wins face-off versus Auston Matthews in Colorado Avalanche zone.
10:33 of 2nd period - Dominic Moore is hit by Alexander Edler.
11:26 of 2nd period - Gabriel Landeskog is hit by William Nylander and loses puck.
11:43 of 2nd period - Brayden Point is hit by Alexander Edler and loses puck.
11:54 of 2nd period - Mark Barberio is hit by Alexander Edler.
12:10 of 2nd period - Zach Hyman is hit by Nikita Zadorov and loses puck.
12:27 of 2nd period - Brayden Point is hit by Nikolay Goldobin and loses puck.
12:32 of 2nd period - Penalty to Nathan MacKinnon is over, Nathan MacKinnon is back on ice.
13:39 of 2nd period - Nikita Zaitsev is hit by Nick Holden and loses puck.
13:50 of 2nd period - Patrik Nemeth is hit by Mark Barberio and loses puck.
14:27 of 2nd period - Alexander Edler is hit by Dougie Hamilton and loses puck.
14:44 of 2nd period - Alexander Edler is hit by Gustav Nyquist and loses puck.
14:51 of 2nd period - Tyson Barrie is hit by Alexander Edler and loses puck.
15:00 of 2nd period - Wrist shot by Brandon Tanev.
15:00 of 2nd period - Stopped by Semyon Varlamov without a rebound.
15:01 of 2nd period - Auston Matthews wins face-off versus Nathan MacKinnon in Colorado Avalanche zone.
15:02 of 2nd period - Snap shot by Mitchell Marner.
15:02 of 2nd period - Stopped by Semyon Varlamov without a rebound.
15:03 of 2nd period - Auston Matthews wins face-off versus Nathan MacKinnon in Colorado Avalanche zone.
15:10 of 2nd period - Wrist shot by Mitchell Marner.
15:10 of 2nd period - Stopped by Semyon Varlamov with a rebound.
15:18 of 2nd period - Nathan MacKinnon is hit by Nazem Kadri.
15:19 of 2nd period - Icing by Nathan MacKinnon.
15:20 of 2nd period - Nathan MacKinnon wins face-off versus Nazem Kadri in Colorado Avalanche zone.
15:25 of 2nd period - Wrist shot by Nathan MacKinnon.
15:25 of 2nd period - Shot Misses the Net.
15:27 of 2nd period - Slapshot by Nick Holden.
15:27 of 2nd period - Shot Misses the Net.
15:29 of 2nd period - Slapshot by Mark Barberio.
15:29 of 2nd period - Deflect By Gabriel Landeskog.
15:29 of 2nd period - Stopped by Michal Neuvirth without a rebound.
15:30 of 2nd period - Dominic Moore wins face-off versus Nazem Kadri in Toronto Maple Leafs zone.
15:33 of 2nd period - Snap shot by Kris Versteeg.
15:33 of 2nd period - Stopped by Michal Neuvirth with a rebound.
15:35 of 2nd period - Slapshot by Jaromir Jagr.
15:35 of 2nd period - Shot Misses the Net.
15:37 of 2nd period - Snap shot by Jaromir Jagr.
15:37 of 2nd period - Stopped by Michal Neuvirth with a rebound.
15:39 of 2nd period - Snap shot by Jaromir Jagr.
15:39 of 2nd period - Stopped by Michal Neuvirth with a rebound.
15:43 of 2nd period - Snap shot by Kris Versteeg.
15:43 of 2nd period - Shot Misses the Net.
15:45 of 2nd period - Backhand shot by Nikita Zadorov.
15:45 of 2nd period - Stopped by Michal Neuvirth with a rebound.
16:02 of 2nd period - Off-side.
16:03 of 2nd period - Nikolay Goldobin wins face-off versus Jason Spezza in neutral zone.
16:28 of 2nd period - Nick Leddy is hit by Dominic Moore and loses puck.
16:44 of 2nd period - Icing by Auston Matthews.
16:45 of 2nd period - Lars Eller wins face-off versus Auston Matthews in Toronto Maple Leafs zone.
16:46 of 2nd period - Wrist shot by Sven Andrighetto.
16:46 of 2nd period - Shot Misses the Net.
16:58 of 2nd period - Snap shot by Mitchell Marner.
16:58 of 2nd period - Stopped by Semyon Varlamov without a rebound.
16:59 of 2nd period - Nazem Kadri wins face-off versus Jason Spezza in Colorado Avalanche zone.
17:04 of 2nd period - Wrist shot by Zach Hyman.
17:04 of 2nd period - Shot Misses the Net.
17:33 of 2nd period - Snap shot by Alexander Kerfoot.
17:33 of 2nd period - Stopped by Michal Neuvirth without a rebound.
17:34 of 2nd period - Auston Matthews wins face-off versus Dominic Moore in Toronto Maple Leafs zone.
18:36 of 2nd period - Slapshot by Zach Hyman.
18:36 of 2nd period - Stopped by Semyon Varlamov without a rebound.
18:37 of 2nd period - Auston Matthews wins face-off versus Lars Eller in Colorado Avalanche zone.
18:58 of 2nd period - Minor Penalty to Lars Eller for Hooking.
18:59 of 2nd period - Auston Matthews wins face-off versus Dominic Moore in Colorado Avalanche zone.
19:14 of 2nd period - Wrist shot by William Nylander.
19:14 of 2nd period - Stopped by Semyon Varlamov with a rebound.
Goals for this period are 0 for Colorado Avalanche vs 2 for Toronto Maple Leafs.
Shots for this period are 8 for Colorado Avalanche vs 19 for Toronto Maple Leafs.

3rd period


0:01 of 3rd period - Auston Matthews wins face-off versus Brayden Point in neutral zone.
0:26 of 3rd period - Dominic Moore is hit by Zach Hyman and loses puck.
0:58 of 3rd period - Penalty to Lars Eller is over, Lars Eller is back on ice.
1:01 of 3rd period - Deryk Engelland is hit by Brandon Tanev and loses puck.
1:12 of 3rd period - Snap shot by Connor Brown.
1:12 of 3rd period - Shot Misses the Net.
2:44 of 3rd period - Morgan Rielly is hit by Dougie Hamilton and loses puck.
2:55 of 3rd period - Nick Holden is hit by Brandon Tanev and loses puck.
3:00 of 3rd period - Snap shot by Tyler Bozak.
3:00 of 3rd period - Stopped by Semyon Varlamov with a rebound.
3:49 of 3rd period - Wrist shot by Nathan MacKinnon.
3:49 of 3rd period - Stopped by Michal Neuvirth with a rebound.
3:51 of 3rd period - Snap shot by Tyson Barrie.
3:51 of 3rd period - Shot Blocked by Nick Leddy.
4:01 of 3rd period - Snap shot by Gabriel Landeskog.
4:01 of 3rd period - Stopped by Michal Neuvirth without a rebound.
4:02 of 3rd period - Jason Spezza wins face-off versus Auston Matthews in Toronto Maple Leafs zone.
4:03 of 3rd period - Snap shot by Brayden Point.
4:03 of 3rd period - Goal by Brayden Point - Colorado Avalanche : 5 - Toronto Maple Leafs : 4.
4:04 of 3rd period - Auston Matthews wins face-off versus Jason Spezza in neutral zone.
4:23 of 3rd period - Dougie Hamilton is hit by Alexander Edler and loses puck.
4:50 of 3rd period - Auston Matthews is hit by Deryk Engelland and loses puck.
5:07 of 3rd period - Snap shot by Dougie Hamilton.
5:07 of 3rd period - Stopped by Michal Neuvirth without a rebound.
5:08 of 3rd period - Nazem Kadri wins face-off versus Dominic Moore in Toronto Maple Leafs zone.
5:08 of 3rd period - Nazem Kadri is hit by Dominic Moore.
5:34 of 3rd period - Nikolay Goldobin is hit by Lars Eller and loses puck.
5:57 of 3rd period - Wrist shot by Matt Duchene.
5:57 of 3rd period - Stopped by Michal Neuvirth with a rebound.
5:59 of 3rd period - Slapshot by Nick Holden.
5:59 of 3rd period - Shot Blocked by David Backes.
6:33 of 3rd period - Slapshot by Zach Hyman.
6:33 of 3rd period - Deflect By Nazem Kadri.
6:33 of 3rd period - Stopped by Semyon Varlamov without a rebound.
6:34 of 3rd period - Nathan MacKinnon wins face-off versus Nazem Kadri in Colorado Avalanche zone.
6:43 of 3rd period - Snap shot by William Nylander.
6:43 of 3rd period - Stopped by Semyon Varlamov with a rebound.
7:08 of 3rd period - Off-side.
7:09 of 3rd period - Lars Eller wins face-off versus Auston Matthews in neutral zone.
7:09 of 3rd period - Lars Eller is hit by Mitchell Marner.
7:13 of 3rd period - Morgan Rielly is hit by Sven Andrighetto and loses puck.
7:22 of 3rd period - Sven Andrighetto is hit by Alexander Edler and loses puck.
7:40 of 3rd period - Patrik Nemeth is hit by Jaromir Jagr and loses puck.
8:17 of 3rd period - Matt Duchene is hit by Ron Hainsey and loses puck.
8:24 of 3rd period - Wrist shot by Tyler Bozak.
8:24 of 3rd period - Deflect By Connor Brown.
8:24 of 3rd period - Stopped by Semyon Varlamov with a rebound.
8:54 of 3rd period - Snap shot by Nathan MacKinnon.
8:54 of 3rd period - Stopped by Michal Neuvirth with a rebound.
9:22 of 3rd period - Snap shot by Tyler Bozak.
9:22 of 3rd period - Shot Misses the Net.
9:24 of 3rd period - Slapshot by Tyler Bozak.
9:24 of 3rd period - Stopped by Semyon Varlamov with a rebound.
9:56 of 3rd period - Slapshot by Tyler Bozak.
9:56 of 3rd period - Stopped by Semyon Varlamov with a rebound.
9:58 of 3rd period - Wrist shot by Tyler Bozak.
9:58 of 3rd period - Stopped by Semyon Varlamov without a rebound.
9:59 of 3rd period - Lars Eller wins face-off versus Auston Matthews in Colorado Avalanche zone.
10:19 of 3rd period - Major / Game Misconduct Penalty to Alexander Kerfoot for Head-butting.
10:19 of 3rd period - Alexander Kerfoot is ejected from game.
10:20 of 3rd period - Auston Matthews wins face-off versus Lars Eller in Colorado Avalanche zone.
11:14 of 3rd period - Icing by Morgan Rielly.
11:15 of 3rd period - Nazem Kadri wins face-off versus Dominic Moore in Toronto Maple Leafs zone.
11:15 of 3rd period - Nazem Kadri is hit by Deryk Engelland.
13:07 of 3rd period - Patrik Nemeth is hit by Jason Spezza and loses puck.
14:52 of 3rd period - Jaromir Jagr is hit by Alexander Edler and loses puck.
15:19 of 3rd period - Penalty to Alexander Kerfoot is over, Gustav Nyquist is send on ice.
15:32 of 3rd period - Slapshot by Gustav Nyquist.
15:32 of 3rd period - Shot Misses the Net.
16:48 of 3rd period - Nick Leddy is hit by Nathan MacKinnon and loses puck.
17:03 of 3rd period - Ron Hainsey is hit by Deryk Engelland and loses puck.
17:14 of 3rd period - Jason Spezza is hit by Nick Leddy and loses puck.
18:46 of 3rd period - Jaromir Jagr is hit by Zach Hyman and loses puck.
19:01 of 3rd period - Toronto Maple Leafs, Michal Neuvirth is pulled from the net.
19:03 of 3rd period - Backhand shot by Auston Matthews.
19:03 of 3rd period - Shot Blocked by Mark Barberio.
19:05 of 3rd period - Slapshot by Mitchell Marner.
19:05 of 3rd period - Toronto Maple Leafs goal is going for a video replay.
19:05 of 3rd period - The goal is refused. The referee deems the play has been stopped, even if he had not physically had the opportunity to stop play by blowing his whistle..
19:06 of 3rd period - Mike Babcock call a timeout for Toronto Maple Leafs.
19:06 of 3rd period - Auston Matthews wins face-off versus Lars Eller in Colorado Avalanche zone.
19:15 of 3rd period - Wrist shot by Auston Matthews.
19:15 of 3rd period - Shot Misses the Net.
19:17 of 3rd period - Slapshot by Nick Leddy.
19:17 of 3rd period - Shot Blocked by Brayden Point.
19:19 of 3rd period - Snap shot by Auston Matthews.
19:19 of 3rd period - Goal by Auston Matthews - Colorado Avalanche : 5 - Toronto Maple Leafs : 5.
19:19 of 3rd period - Michal Neuvirth from Toronto Maple Leafs was sent back in the game.
19:20 of 3rd period - Dominic Moore wins face-off versus David Backes in neutral zone.
19:35 of 3rd period - Off-side.
19:36 of 3rd period - Tyler Bozak wins face-off versus Lars Eller in neutral zone.
Goals for this period are 1 for Colorado Avalanche vs 1 for Toronto Maple Leafs.
Shots for this period are 6 for Colorado Avalanche vs 9 for Toronto Maple Leafs.

Overtime #1


0:01 of 1st overtime period - Auston Matthews wins face-off versus Gabriel Landeskog in neutral zone.
0:12 of 1st overtime period - Snap shot by Auston Matthews.
0:12 of 1st overtime period - Deflect By Nathan MacKinnon.
0:12 of 1st overtime period - Shot Misses the Net.
0:12 of 1st overtime period - Puck is out of play.
0:13 of 1st overtime period - Auston Matthews wins face-off versus Gabriel Landeskog in Colorado Avalanche zone.
0:14 of 1st overtime period - Wrist shot by Nazem Kadri.
0:14 of 1st overtime period - Stopped by Semyon Varlamov without a rebound.
0:15 of 1st overtime period - Gabriel Landeskog wins face-off versus Auston Matthews in Colorado Avalanche zone.
0:22 of 1st overtime period - Slapshot by Tyson Barrie.
0:22 of 1st overtime period - Stopped by Michal Neuvirth without a rebound.
0:23 of 1st overtime period - Gabriel Landeskog wins face-off versus Auston Matthews in Toronto Maple Leafs zone.
0:26 of 1st overtime period - Snap shot by Gabriel Landeskog.
0:26 of 1st overtime period - Stopped by Michal Neuvirth without a rebound.
0:27 of 1st overtime period - Auston Matthews wins face-off versus Gabriel Landeskog in Toronto Maple Leafs zone.
0:32 of 1st overtime period - Wrist shot by Auston Matthews.
0:32 of 1st overtime period - Shot Misses the Net.
0:34 of 1st overtime period - Slapshot by Auston Matthews.
0:34 of 1st overtime period - Toronto Maple Leafs goal is going for a video replay.
0:34 of 1st overtime period - The goal is refused. The referee deems the play has been stopped, even if he had not physically had the opportunity to stop play by blowing his whistle..
0:35 of 1st overtime period - Gabriel Landeskog wins face-off versus Auston Matthews in Colorado Avalanche zone.
0:41 of 1st overtime period - Off-side.
0:42 of 1st overtime period - Gabriel Landeskog wins face-off versus Auston Matthews in neutral zone.
0:51 of 1st overtime period - Slapshot by Nathan MacKinnon.
0:51 of 1st overtime period - Stopped by Michal Neuvirth without a rebound.
0:52 of 1st overtime period - Gabriel Landeskog wins face-off versus Auston Matthews in Toronto Maple Leafs zone.
0:53 of 1st overtime period - Wrist shot by Nathan MacKinnon.
0:53 of 1st overtime period - Stopped by Michal Neuvirth with a rebound.
2:23 of 1st overtime period - Backhand shot by Gabriel Landeskog.
2:23 of 1st overtime period - Shot Blocked by Morgan Rielly.
2:25 of 1st overtime period - Wrist shot by Gabriel Landeskog.
2:25 of 1st overtime period - Stopped by Michal Neuvirth with a rebound.
2:27 of 1st overtime period - Wrist shot by Gabriel Landeskog.
2:27 of 1st overtime period - Stopped by Michal Neuvirth with a rebound.
2:29 of 1st overtime period - Wrist shot by Tyson Barrie.
2:29 of 1st overtime period - Deflect By Nazem Kadri.
2:29 of 1st overtime period - Stopped by Michal Neuvirth without a rebound.
2:30 of 1st overtime period - Matt Duchene wins face-off versus Mitchell Marner in Toronto Maple Leafs zone.
3:00 of 1st overtime period - Slapshot by Gustav Nyquist.
3:00 of 1st overtime period - Shot Misses the Net.
3:02 of 1st overtime period - Snap shot by Gustav Nyquist.
3:02 of 1st overtime period - Shot Misses the Net.
3:04 of 1st overtime period - Backhand shot by Nikita Zadorov.
3:04 of 1st overtime period - Stopped by Michal Neuvirth without a rebound.
3:05 of 1st overtime period - Mitchell Marner wins face-off versus Matt Duchene in Toronto Maple Leafs zone.
3:14 of 1st overtime period - Snap shot by Mitchell Marner.
3:14 of 1st overtime period - Shot Blocked by Brayden Point.
3:16 of 1st overtime period - Wrist shot by Zach Hyman.
3:16 of 1st overtime period - Stopped by Semyon Varlamov without a rebound.
3:17 of 1st overtime period - Matt Duchene wins face-off versus Mitchell Marner in Colorado Avalanche zone.
3:42 of 1st overtime period - Alexander Edler is hit by Nikita Zadorov.
4:04 of 1st overtime period - Backhand shot by Lars Eller.
4:04 of 1st overtime period - Stopped by Michal Neuvirth without a rebound.
4:05 of 1st overtime period - Tyler Bozak wins face-off versus Lars Eller in Toronto Maple Leafs zone.
4:30 of 1st overtime period - Morgan Rielly is hit by Tyson Barrie and loses puck.
Goals for this period are 0 for Colorado Avalanche vs 0 for Toronto Maple Leafs.
Shots for this period are 9 for Colorado Avalanche vs 3 for Toronto Maple Leafs.

ShootOut


5:00 of 1st overtime period - Round #1.
5:00 of 1st overtime period - Colorado Avalanche, Nathan MacKinnon.
5:00 of 1st overtime period - Wrist shot by Nathan MacKinnon.
5:00 of 1st overtime period - Shot Misses the Net.
5:00 of 1st overtime period - Toronto Maple Leafs, Auston Matthews.
5:00 of 1st overtime period - Snap shot by Auston Matthews.
5:00 of 1st overtime period - Shot Misses the Net.
5:00 of 1st overtime period - Round #2.
5:00 of 1st overtime period - Colorado Avalanche, Gabriel Landeskog.
5:00 of 1st overtime period - Snap shot by Gabriel Landeskog.
5:00 of 1st overtime period - Stopped by Michal Neuvirth.
5:00 of 1st overtime period - Toronto Maple Leafs, James van Riemsdyk.
5:00 of 1st overtime period - Snap shot by James van Riemsdyk.
5:00 of 1st overtime period - Stopped by Semyon Varlamov.
5:00 of 1st overtime period - Round #3.
5:00 of 1st overtime period - Colorado Avalanche, Brayden Point.
5:00 of 1st overtime period - Snap shot by Brayden Point.
5:00 of 1st overtime period - Stopped by Michal Neuvirth.
5:00 of 1st overtime period - Toronto Maple Leafs, Mitchell Marner.
5:00 of 1st overtime period - Deke by Mitchell Marner.
5:00 of 1st overtime period - Shot Misses the Net.
5:00 of 1st overtime period - Round #4.
5:00 of 1st overtime period - Colorado Avalanche, Matt Duchene.
5:00 of 1st overtime period - Backhand shot by Matt Duchene.
5:00 of 1st overtime period - Stopped by Michal Neuvirth.
5:00 of 1st overtime period - Toronto Maple Leafs, William Nylander.
5:00 of 1st overtime period - Deke by William Nylander.
5:00 of 1st overtime period - Goal by William Nylander.